 Dungeon Crawl Stone Soup version 0.17.1-2-g5865329 (webtiles) character file.

86 Grim the Shooter (level 4, -7/29 HPs)
             Began as a High Elf Hunter on Feb 16, 2016.
             Was an Initiate of Dithmenos.
             Mangled by Zeloya's ghost (11 damage)
             ... on level 3 of the Dungeon.
             The game lasted 00:06:00 (2728 turns).

Grim the Shooter (High Elf Hunter)                  Turns: 2728, Time: 00:06:00

Health: -7/29      AC:  4    Str: 11    XL:     4   Next: 27%
Magic:  5/5        EV: 12    Int: 14    God:    Dithmenos [......]
Gold:   102        SH:  0    Dex: 17    Spells: 0 memorised, 3 levels left

rFire  . . .     SeeInvis .     b - +0 short sword
rCold  . . .     Clarity  .     c - +0 leather armour
rNeg   . . .     SustAt   .     (no shield)
rPois  .         Gourm    .     o - +0 helmet
rElec  .         Spirit   .     (no cloak)
rCorr  .         Warding  .     (no gloves)
rMut   .         Stasis   .     (no boots)
MR     .....                    (no amulet)
Stlth  ++........               (no ring)
                                (no ring)

@: not resistant to hostile enchantments, unstealthy
A: no striking features
a: Renounce Religion


You were on level 3 of the Dungeon.
You worshipped Dithmenos.
Dithmenos was noncommittal.
You were not hungry.

You visited 1 branch of the dungeon, and saw 3 of its levels.

You collected 102 gold pieces.

Inventory:

Hand Weapons
 a - a +1 shortbow
 b - a +0 short sword (weapon)
Missiles
 d - 29 arrows
Armour
 c - a +0 leather armour (worn)
 o - a +0 helmet (worn)
Jewellery
 r - an uncursed ring of see invisible {unknown}
Wands
 p - a wand of flame (21)
 q - a wand of heal wounds (4)
Scrolls
 g - a scroll of remove curse {unknown}
 i - 2 scrolls of recharging {unknown}
 m - 2 scrolls of blinking {unknown}
 s - a scroll of amnesia
 t - a scroll of noise {unknown}
Potions
 f - 2 potions of ambrosia
 h - a potion of beneficial mutation {unknown}
 j - a potion of lignification {unknown}
 k - 2 potions of curing {unknown}
 l - 3 potions of heal wounds
Comestibles
 e - 3 bread rations
 n - a meat ration


   Skills:
 - Level 2.0 Fighting
 + Level 7.7 Bows
 - Level 2.1 Dodging
 - Level 1.1 Stealth


You had 3 spell levels left.
You didn't know any spells.

Dungeon Overview and Level Annotations

Branches:
Dungeon (3/15)

Altars:
Dithmenos
Makhleb
Yredelemnul

Annotations:
D:3 Zeloya's ghost, amateur KoFi


Message History

Zeloya's ghost is lightly damaged.
Zeloya's ghost hits you.
* * * LOW HITPOINT WARNING * * *
You closely miss Zeloya's ghost.
Zeloya's ghost is lightly damaged.
Zeloya's ghost closely misses you.
You closely miss Zeloya's ghost.
Zeloya's ghost is lightly damaged.
Zeloya's ghost hits you!
* * * LOW HITPOINT WARNING * * *
You hit Zeloya's ghost but do no damage.
Zeloya's ghost is lightly damaged.
Zeloya's ghost hits you.
* * * LOW HITPOINT WARNING * * *
Zeloya's ghost hits you but does no damage.
Read which item? (? for menu, Esc to quit)
As you read the scroll labeled RIUT PASAORGHI, it crumbles to dust.
You feel forgetful for a moment.
It was a scroll of amnesia.
Zeloya's ghost hits you!
You die...

#..#.....#### ..... ##
#............ ....# ..#.
#.##.....######...# ....#
#<##..........#..# ......
#.##.#.##.##.....###..#..#
#.##....>........#.......
#.##......†.....##.#..#
#.##..............(...#
#.##..........#@##†.###
#..........)..#W##..#
#####.......#.#o##)(###..
#..#...##.#......(...#
#.....###.####(.......
##.##.# #.# ##.###(## #.
#. #.# .# # # .. ... .. .
### .##


You could see Zeloya's ghost and an orc.

Vanquished Creatures
  2 adders (D:2)
  2 worms (D:2)
  A giant gecko (D:2)
  An orc (D:3)
  A ball python (D:2)
  5 bats
  4 giant cockroaches
  13 goblins
  7 hobgoblins
  4 jackals
  A quokka (D:3)
  8 kobolds
  11 rats
60 creatures vanquished.

Notes
Turn   | Place    | Note
--------------------------------------------------------------
     0 | D:1      | Grim the High Elf Hunter began the quest for the Orb.
     0 | D:1      | Reached XP level 1. HP: 14/14 MP: 2/2
   204 | D:1      | Reached XP level 2. HP: 17/19 MP: 3/3
   345 | D:1      | Reached skill level 6 in Bows
  1517 | D:1      | Reached XP level 3. HP: 24/24 MP: 4/4
  1571 | D:2      | Found a basalt altar of Yredelemnul.
  1571 | D:2      | Found a burning altar of Makhleb.
  1572 | D:2      | Found a shadowy altar of Dithmenos.
  1704 | D:2      | Became a worshipper of Dithmenos the Shadowed
  1788 | D:2      | Reached skill level 7 in Bows
  2157 | D:2      | Reached XP level 4. HP: 29/29 MP: 5/5
  2702 | D:3      | Noticed Zeloya's ghost (amateur KoFi)
  2728 | D:3      | Mangled by Zeloya's ghost

Action                   |  1- 3 |  4- 6 || total
-------------------------+-------+-------++-------
Melee: Short sword       |    12 |    15 ||    27
 Fire: Shortbow          |   128 |    42 ||   170
  Use: Scroll            |     2 |     1 ||     3
       Potion            |       |     1 ||     1
  Eat: Chunk             |     1 |       ||     1
       Bread ration      |     1 |       ||     1
